 Dungeon Crawl Stone Soup version 0.28-a0-794-gafe8c5f9e9 (webtiles) character file.

Game seed: 14147185290481843063

1489 oldriver the Magician (level 8, 0/53 HPs)
             Began as a Demonspawn Fire Elementalist on Nov 5, 2021.
             Slain by a sky beast (6 damage)
             ... on level 6 of the Dungeon.
             The game lasted 00:09:15 (8486 turns).

oldriver the Magician (DsFE)                        Turns: 8486, Time: 00:09:15

Health: 0/53       AC:  5    Str:  8    XL:     8   Next: 51%
Magic:  3/19       EV: 14    Int: 19    God:
Gold:   153        SH:  0    Dex: 20    Spells: 12/22 levels left

rFire   + . .      SeeInvis .   g - +0 dagger (vorpal)
rCold   . . .      Faith    .   (no shield)
rNeg    . . .      Spirit   .   a - +0 robe
rPois   .          Reflect  .   (helmet restricted)
rElec   .          Harm     .   (no cloak)
rCorr   .          Rampage  .   f - +1 pair of gloves
Will    .....                   k - +0 pair of boots
Stlth   ++........              (no amulet)
HPRegen 0.17/turn               c - ring of protection from fire
MPRegen 0.16/turn               q - +6 ring of dexterity

@: weak-willed
A: antennae 1, repulsion field 1, foul stench 1
a: no special abilities


You were on level 6 of the Dungeon.
You visited 1 branch of the dungeon, and saw 6 of its levels.

You collected 153 gold pieces.

Inventory:

Hand Weapons
 g - a +0 vorpal dagger (weapon)
Armour
 a - a +0 robe (worn)
 f - a +1 pair of gloves (worn)
 k - a +0 pair of boots (worn)
Jewellery
 c - a ring of protection from fire (left hand)
 m - a ring of protection from fire
 q - a +6 ring of dexterity (right hand)
 r - a +6 ring of intelligence
Scrolls
 b - 2 scrolls of brand weapon
 d - 2 scrolls of vulnerability
 e - 5 scrolls of identify
 n - 2 scrolls of silence
 p - a scroll of acquirement {unknown}
 t - a scroll of enchant armour {unknown}
Potions
 h - a potion of flight {unknown}
 i - a potion of ambrosia {unknown}
 j - 2 potions of heal wounds {unknown}
 l - 2 potions of attraction {unknown}
 s - a potion of mutation {unknown}
 u - a potion of resistance {unknown}
 v - 2 potions of magic {unknown}


   Skills:
 + Level 0.9 Fighting
 + Level 1.1 Short Blades
 + Level 2.0 Dodging
 + Level 2.3 Stealth
 + Level 0.3 Unarmed Combat
 + Level 7.6 Spellcasting
 + Level 3.3 Conjurations
 + Level 5.6 Fire Magic


You had 12 spell levels left.
You knew the following spells:

 Your Spells              Type           Power      Damage    Failure   Level
a - Foxfire               Conj/Fire      96%        2x1d8     1%          1
b - Scorch                Fire           56%        2d8       1%          2
c - Conjure Flame         Conj/Fire      24%        6-21      4%          3
d - Flame Wave            Conj/Fire      24%        3d6       16%         4

Your spell library contained the following spells:

 Spells                   Type           Power      Damage    Failure   Level
 Inner Flame              Hex/Fire       17%        N/A       9%          3
 Corpse Rot               Necr/Air       14%        N/A       14%         2
 Poisonous Vapours        Pois/Air       14%        N/A       14%         2


Dungeon Overview and Level Annotations

Branches:
Dungeon (6/15)
 Temple: D:4-7

Altars:
Gozag
Trog

Shops:
D:2 *

Annotations:
D:5 2 runed translucent doors


Innate Abilities, Weirdness & Mutations

You have a pair of small antennae on your head.
You are surrounded by a mild repulsion field. (EV +2)
You may rarely emit foul miasma when damaged in melee.


Message History

You feel sick.
You feel sick. The hound bites you.
An orc comes into view. It is wielding a +0 dagger.
You feel sick.
You feel sick. The hound completely misses you.
You feel sick.
You are no longer poisoned.
The orc shouts!
You hit the hound but do no damage.
The hound looks even sicker.
The hound is heavily wounded.
You hear a shout!
The hound bites you.
An orc comes into view. It is wielding a +0 hand axe.
The hound barely misses you.
As you read the scroll labelled ROEXTUIMECH, it crumbles to dust.
It is a scroll of identify.
n - 2 scrolls of silence The hound bites you.
The orc completely misses you.
As you read the scroll labelled HUOTTE PAPT, it crumbles to dust.
Magic quickly surges around you.
It was a scroll of vulnerability.
The hound misses you. Something hits you but does no damage.
The orc hits you but does no damage. The hound bites you but does no damage.
As you read the scroll labelled PUQIOL OWNOENI, it crumbles to dust.
It is a scroll of brand weapon.
Your +0 dagger of venom emits a brilliant flash of light!
g - a +0 vorpal dagger (weapon)
Something hits you.
* * * LOW HITPOINT WARNING * * *
Something shocks you.
* * * LOW HITPOINT WARNING * * *
The hound bites you.
* * * LOW HITPOINT WARNING * * *
The orc hits you but does no damage.
Okay, then.
As you read the scroll labelled NUGOMO VUTIHAM, it crumbles to dust.
The scroll dissolves into smoke.
It was a scroll of fog.
The hound barely misses you. Something hits you.
* * * LOW HITPOINT WARNING * * *
Something shocks you.
You die...

######.....#
### #...>.##
######....##
...##..>##
#### #.#....#
... ##..o...#
#.##..)..###
#..§o§.#..#
##.{@####.#
#..h§§.....#
##....####..#
####....##
...
##.....)##
###
##..#...##
#####..#...##
#........#.#
#..###!####.#


You could see a hound (very poisoned, weak-willed) and 2 orcs.

Vanquished Creatures
  A water moccasin (D:6)
  A sky beast (D:6)
  A necrophage (D:4)
  4 ogres
  A phantom (D:5)
  2 centaurs
  4 scorpions
  2 howler monkeys (D:5)
  A hound (D:5)
  Jessica (D:2)
  2 iguanas
  A killer bee zombie (D:6)
  A howler monkey zombie (D:6)
  6 adders
  2 shadow imps
  2 white imps (D:6)
  2 ufetubi (D:5)
  An adder skeleton (D:4)
  A worm (D:3)
  A dart slug (D:4)
  9 orcs
  4 ball pythons
  11 endoplasms
  2 giant cockroaches
  7 goblins
  8 hobgoblins
  7 jackals
  7 kobolds
  5 quokkas
  6 bats
  3 frilled lizards
  3 rats
109 creatures vanquished.

Vanquished Creatures (others)
  519 foxfires
519 creatures vanquished.

Grand Total: 628 creatures vanquished

Notes
Turn   | Place    | Note
-------+----------+-------------------------------------------
     0 | D:1      | oldriver the Demonspawn Fire Elementalist began the quest
                  | for the Orb.
     0 | D:1      | Reached XP level 1. HP: 13/13 MP: 3/3
   423 | D:1      | Gained mutation: You have a pair of small antennae on your
                  | head. [demonic ancestry]
   423 | D:1      | Reached XP level 2. HP: 19/19 MP: 0/5
   550 | D:1      | Found a faded altar of an unknown god.
  1006 | D:1      | Reached skill level 3 in Spellcasting
  1231 | D:2      | Found Liss's Assorted Antiques.
  1427 | D:2      | Reached XP level 3. HP: 24/24 MP: 2/7
  2055 | D:2      | Noticed Jessica
  2062 | D:2      | Killed Jessica
  2063 | D:2      | Reached XP level 4. HP: 14/31 MP: 4/9
  2246 | D:2      | Reached skill level 4 in Spellcasting
  3083 | D:3      | Noticed an ogre
  3100 | D:3      | Killed an ogre
  3101 | D:3      | Reached XP level 5. HP: 36/36 MP: 7/12
  3172 | D:3      | Reached skill level 5 in Spellcasting
  3175 | D:3      | Learned a level 2 spell: Scorch
  3179 | D:3      | Learned a level 3 spell: Conjure Flame
  3184 | D:3      | Learned a level 4 spell: Flame Wave
  4636 | D:4      | Gained mutation: You are surrounded by a mild repulsion
                  | field. (EV +2) [demonic ancestry]
  4636 | D:4      | Reached XP level 6. HP: 42/42 MP: 11/14
  4995 | D:4      | Reached skill level 1 in Short Blades
  6508 | D:5      | Entered Level 5 of the Dungeon
  6527 | D:5      | Reached skill level 6 in Spellcasting
  6527 | D:5      | Gained mutation: You may rarely emit foul miasma when
                  | damaged in melee. [demonic ancestry]
  6527 | D:5      | Reached XP level 7. HP: 47/47 MP: 8/16
  6591 | D:5      | Found an opulent altar of Gozag.
  7458 | D:5      | Found a bloodstained altar of Trog.
  7673 | D:5      | Found a runed translucent door.
  7674 | D:5      | Noticed a vampire mosquito
  7675 | D:5      | Found a runed translucent door.
  7781 | D:5      | Reached skill level 7 in Spellcasting
  7781 | D:5      | Reached XP level 8. HP: 53/53 MP: 8/18
  8273 | D:6      | Reached skill level 5 in Fire Magic
  8486 | D:6      | Slain by a sky beast

Illustrated notes

Levels and vault maps discovered:
D:1:      lemuel_arrival_river_ford, layout_loops_cross,
          hellmonk_ecumenical_altar_run_dry, minmay_3d_cube
D:2:      layout_loops_ring, serial_shops, nicolae_diamond_shop, uniq_jessica
D:3:      layout_basic, chequers_serial_rivers_micro_b
D:4:      layout_loops_ring
D:5:      lemuel_insect_pit, layout_loops_corners, nicolae_gozag_seed_capital,
          trog_three_pillars_becter, chequers_serial_rivers_marsh,
          supply_closet_lemuel
D:6:      layout_rooms, minmay_manual_mail

Skill      XL: |  1  2  3  4  5  6  7  8 |
---------------+-------------------------+-----
Spellcasting   | 3 4 5 6 7 |  7.6
Short Blades   | 1 |  1.1
Fire Magic     | 3 4 5 |  5.6
Stealth        | 2 |  2.3
Conjurations   | 2 3 |  3.3
Dodging        | 2 |  2.0
Fighting       | |  0.9
Unarmed Combat | |  0.3

Action                   |  1- 3 |  4- 6 |  7- 9 || total
-------------------------+-------+-------+-------++-------
Melee: Unarmed           |     8 |       |       ||     8
       Dagger            |    12 |    25 |     9 ||    46
 Cast: Foxfire           |    82 |   176 |    71 ||   329
       Scorch            |       |    11 |    29 ||    40
       Conjure Flame     |       |       |     1 ||     1
  Use: Scroll            |       |       |     4 ||     4
Armor: Robe              |     7 |     9 |    15 ||    31
Dodge: Dodged            |    44 |    23 |    43 ||   110

Table legend: (Time is in decaauts)
 A = Elapsed time spent in this place.
 B = Non-inter-level travel time spent in this place.
 C = Inter-level travel time spent in this place.
 D = Time resting spent in this place.
 E = Time spent auto-exploring this place.
 F = Levels seen in this place.
 G = Mean time per level.
                   A        B        C        D        E       F      G
               +--------+--------+--------+--------+--------+-----+--------+
         Total |   8491 |   8344 |    147 |   3217 |   4105 |   6 | 1415.2 |
       Dungeon |   8491 |   8344 |    147 |   3217 |   4105 |   6 | 1415.2 |
               +--------+--------+--------+--------+--------+-----+--------+

Top non-repeatable levels by time:
     D:4: 1876 daAuts
     D:3: 1682 daAuts
     D:5: 1626 daAuts
     D:2: 1583 daAuts
     D:1: 1369 daAuts
     D:6: 352 daAuts
